 Dungeon Crawl Stone Soup version 0.20.1-1-g8b1a95d (webtiles) character file.

55 slep the Skirmisher (level 3, 0/30 HPs)
             Began as a Demonspawn Wanderer on Oct 22, 2017.
             Succumbed to an adder's poison
             ... on level 2 of the Dungeon.
             The game lasted 00:08:07 (1308 turns).

slep the Skirmisher (Demonspawn Wanderer)           Turns: 1308, Time: 00:08:07

Health: 0/30       AC:  2    Str: 18    XL:     3   Next: 67%
Magic:  3/3        EV:  8    Int: 11    God:
Gold:   121        SH:  8    Dex: 14    Spells: 2/2 levels left

rFire    + + .     SeeInvis .   b - +0 hand axe
rCold    + . .     Gourm    .   a - +0 shield
rNeg     . . .     Faith    .   d - +0 robe
rPois    +         Spirit   .   (helmet restricted)
rElec    +         Reflect  .   (no cloak)
rCorr    +         Harm     .   (no gloves)
MR       .....                  (no boots)
Stlth    ++........             (no amulet)
Regen    0.1/turn               (no ring)
MPRegen  0.1/turn               (no ring)

@: mighty, lethally poisoned (0 -> -8), resistant
A: horns 1, fire resistance 1, high mp 1, mutation resistance 1
a: no special abilities


You were on level 2 of the Dungeon.
You were not hungry.

You visited 1 branch of the dungeon, and saw 2 of its levels.

You collected 121 gold pieces.

Inventory:

Hand Weapons
 b - a +0 hand axe (weapon)
 e - a +0 dagger
Armour
 a - a +0 shield (worn)
 d - a +0 robe (worn)
Scrolls
 c - 3 scrolls of teleportation
 g - 3 scrolls of remove curse {unknown}
 h - a scroll of recharging {unknown}
 i - a scroll of blinking {unknown}
 j - a scroll of magic mapping {unknown}
 q - 2 scrolls of amnesia {unknown}
 t - 3 scrolls of identify {unknown}
Potions
 m - a potion of brilliance
Comestibles
 f - 2 bread rations
 k - 4 meat rations
 o - 2 royal jellies
 s - a fruit


   Skills:
 + Level 3.8 Fighting
 + Level 2.4 Axes
 + Level 1.0 Throwing
 + Level 1.0 Armour
 + Level 0.5 Dodging
 + Level 2.2 Stealth
 + Level 1.0 Shields


You had 2 spell levels left.
You didn't know any spells.

Dungeon Overview and Level Annotations

Branches:
Dungeon (2/15)

Altars:


Innate Abilities, Weirdness & Mutations

You have a pair of small horns on your head.
Your flesh is heat resistant. (rF+)
You have an increased reservoir of magic. (+10% MP)
You are somewhat resistant to further mutation.


Message History

* * * LOW HITPOINT WARNING * * *
You feel sick. The adder completely misses you. x2
It was a potion of mutation.
You feel extremely strange.
You feel more energetic.
You feel genetically stable.
* * * LOW HITPOINT WARNING * * *
You feel sick. The adder completely misses you.
You slash the adder!
You kill the adder!
* * * LOW HITPOINT WARNING * * *
You feel sick.
Okay, then.
There is a lethal amount of poison in your body!
There is a lethal amount of poison in your body!
There is a lethal amount of poison in your body!
There is a lethal amount of poison in your body!
There is a lethal amount of poison in your body!
There is a lethal amount of poison in your body!
There is a lethal amount of poison in your body!
You feel protected.
You die...

##..##♣.♣..### ##..## ♣..♣...##
###†.## ♣♣P.♣♣♣..## ....###
♣P.♣PP♣♣..##
......##♣♣.P.PP♣...######
...#....♣♣P..P.♣#.......#
#.##.####♣PPP.P♣...####.#
#)##(# #♣PP.♣♣†#.# #.#######
#.##.# ♣♣♣♣.♣@#.# #.......#
#.##.#######♣♣♣....##########.#
#...........>..#............#.#
#.##.#######♣.♣....########.#.#
..##..# #......# #.#.# ....#.##
♣.♣.♣..# ####.#)## ....#..##
#.)..)######.......# ........#
♣.♣#♣........#####.#
....##).#####.##...#.....# #.##


There were no monsters in sight!

Vanquished Creatures
  2 adders (D:2)
  An ooze (D:2)
  A dart slug (D:2)
  3 bats
  2 giant cockroaches (D:2)
  7 goblins
  2 hobgoblins (D:1)
  4 kobolds (D:2)
  5 frilled lizards (D:1)
  4 rats
31 creatures vanquished.

Notes
Turn   | Place    | Note
-------+----------+-------------------------------------------
     0 | D:1      | slep the Demonspawn Wanderer began the quest for the Orb.
     0 | D:1      | slep set off with: a +0 shield, a +0 hand axe, a scroll of teleportation, a +0 robe, a +0 dagger, a bread ration
     0 | D:1      | Reached XP level 1. HP: 18/18 MP: 1/1
   180 | D:1      | Gained mutation: You have a pair of small horns on your head. [demonic ancestry]
   180 | D:1      | Reached XP level 2. HP: 15/24 MP: 2/2
   606 | D:2      | Gained mutation: Your flesh is heat resistant. (rF+) [demonic ancestry]
   606 | D:2      | Reached XP level 3. HP: 16/30 MP: 3/3
  1306 | D:2      | Gained mutation: You have an increased reservoir of magic. (+10% MP) [potion of mutation]
  1306 | D:2      | Gained mutation: You are somewhat resistant to further mutation. [potion of mutation]
  1307 | D:2      | HP: 1/30 [poisoned by an adder]
  1308 | D:2      | Succumbed to an adder's poison

Skill      XL: |  1  2 |
---------------+-------+-----
Stealth        | 2 |  2.2
Axes           | 2 |  2.4
Fighting       | |  3.8
Throwing       | |  1.0
Armour         | |  1.0
Dodging        | |  0.5
Shields        | |  1.0

Action                   || total
-------------------------++-------
Melee: Hand axe          ||   100
       Headbutt          ||    13
  Use: Potion            ||     5
 Stab: Sleeping          ||     3
  Eat: Chunk             ||     1
Armor: Robe              ||    15
Dodge: Dodged            ||    31
Block: Shield            ||    34
